 Dungeon Crawl Stone Soup version 0.30.0-10-gfe55d96785 (webtiles) character file.

Game seed: 4423421110067874867

74 qw the Chopper (level 4, -1/28 HPs)
             Began as a Gargoyle Fighter on May 14, 2023.
             Slain by Sigmund
             ... wielding a +0 scythe
              (6 damage)
             ... on level 2 of the Dungeon.
             The game lasted 00:00:43 (1639 turns).

qw the Chopper (Gargoyle Fighter)                   Turns: 1639, Time: 00:00:43

Health: -1/28      AC: 13    Str: 22    XL:     4   Next: 30%
Magic:  4/4        EV:  8    Int:  8    God:
Gold:   79         SH:  4    Dex:  9    Spells: 3/3 levels left

rFire   . . .        Y - +1 war axe
rCold   . . .        c - +0 buckler
rNeg    + . .        h - +0 chain mail
rPois   inf          g - +0 helmet
rElec   +            (no cloak)
rCorr   .            (no gloves)
SInv    .            (no boots)
Will    .....        (no amulet) Stlth
                     (no ring)
HPRegen 0.24/turn    (no ring)
MPRegen 0.09/turn

%: no passive effects
@: no status effects
A: sickness immunity, AC +3, negative energy resistance 1, electricity
resistance, torment resistance 1, petrification resistance
a: no special abilities


You were on level 2 of the Dungeon.
You visited 1 branch of the dungeon, and saw 2 of its levels.

You collected 79 gold pieces.


Innate Abilities, Weirdness & Mutations

You are immune to sickness and miasma.
Your stone body is resilient. (AC +3)
You are immune to poison.
You resist negative energy. (rN+)
You are resistant to electric shocks. (rElec)
You are resistant to unholy torment.
You are immune to petrification.


   Skills:
 - Level 3.2 Fighting
 + Level 4.0 Axes
 - Level 3.2 Armour
 - Level 3.2 Shields


You had 3 spell levels left.
You didn't know any spells.
Your spell library was empty.

Inventory:

Hand Weapons
 j - a +0 mace
 Y - a +1 war axe (weapon)
Armour
 c - a +0 buckler (worn)
 g - a +0 helmet (worn)
 h - a +0 chain mail (worn)
Scrolls
 a - 3 scrolls of identify
 b - a scroll of fog {unknown}
Potions
 d - 2 potions of might

Dungeon Overview and Level Annotations

Branches:
Dungeon (2/15)

Altars:
Jiyva

Shops:
D:2 :

Annotations:
D:1 2 runed translucent doors
D:2 Sigmund


Message History

Your Axes skill increases to level 4!
You swing at nothing.
You hear some strange, mumbled words.
A puff of flame appears from out of thin air!
The puff of flame hits you.
You swing at nothing.
Something hits you.
You swing at nothing.
Something hits you.
You swing at nothing.
Something hits you.
You swing at nothing.
Something hits you but does no damage.
You swing at nothing.
Something hits you but does no damage.
You swing at nothing.
Something hits you.
You swing at nothing.
You swing at nothing.
Something hits you but does no damage.
You swing at nothing.
Something hits you but does no damage.
You swing at nothing.
Something hits you.
You swing at nothing.
Something hits you but does no damage.
You swing at nothing.
Something hits you.
You swing at nothing.
Something completely misses you.
You swing at nothing.
Something hits you but does no damage.
You swing at nothing.
Something hits you.
You swing at nothing.
Something hits you but does no damage.
You swing at nothing.
You swing at nothing.
Something hits you.
You die...

#.# #..# ####. #...
#.... #..# #.### #..#
#.# # #..# #.# # #{.#
#.# # .. #%.# #.###
...####@># #...#
#.......<# ###.#
#.....$..# #######...
#.#####..######.........
#.........#####...
##.######## ##.# #.# #.#
#.. #.# #### #.#


There were no monsters in sight!

Vanquished Creatures
  4 adders (D:2)
  2 dart slugs
  6 bats
  6 endoplasms
  2 goblins (D:1)
  4 kobolds
  5 ball pythons
  2 frilled lizards (D:1)
  5 rats
36 creatures vanquished.

Notes
Turn   | Place    | Note
-------+----------+-------------------------------------------
     0 | D:1      | qw the Gargoyle Fighter began the quest for the Orb.
     0 | D:1      | Reached XP level 1. HP: 14/14 MP: 1/1
     0 | D:1      | 0 ||| qw: Version: 0.2-a-92-g8a84c4b
     0 | D:1      | 0 ||| qw: Game counter: 18
     0 | D:1      | 0 ||| qw: Always use a shield: true
     0 | D:1      | 0 ||| qw: God list: Okawaru
     0 | D:1      | 0 ||| qw: Allow faded altars: false
     0 | D:1      | 0 ||| qw: Do Orc after D:15 true
     0 | D:1      | 0 ||| qw: Do second Lair branch before Depths: true
     0 | D:1      | 0 ||| qw: Lair rune preference: random
     0 | D:1      | 0 ||| qw: Plans: Normal, Zot:1-4, God:TSO, Crypt, Tomb,
                  | Pan, Slime:5, Hells, Abyss, Win
     0 | D:1      | 0 ||| PLANNING D:1-11
    17 | D:1      | Reached skill level 2 in Axes
   103 | D:1      | Found a large runed translucent door.
   103 | D:1      | Found a large runed translucent door.
   103 | D:1      | Noticed a jelly
   121 | D:1      | Noticed a jelly
   121 | D:1      | Noticed a jelly
   122 | D:1      | Found a viscous altar of Jiyva.
   123 | D:1      | Noticed a jelly
   123 | D:1      | Noticed a jelly
   123 | D:1      | Noticed a jelly
   123 | D:1      | Noticed a jelly
   195 | D:1      | Reached XP level 2. HP: 16/19 MP: 2/2
   454 | D:1      | 454 ||| Stepping ~*~*~tactically~*~*~ (stealth).
   475 | D:1      | 475 ||| Stepping ~*~*~tactically~*~*~ (stealth).
   535 | D:1      | Reached skill level 3 in Axes
   628 | D:1      | 628 ||| DROPPING +0 club.
   766 | D:1      | 766 ||| Stepping ~*~*~tactically~*~*~ (hiding).
   779 | D:1      | Reached XP level 3. HP: 23/23 MP: 3/3
   902 | D:1      | 902 ||| UPGRADING to +0 helmet.
   907 | D:1      | 907 ||| UPGRADING to +0 chain mail.
   917 | D:1      | 917 ||| DROPPING +0 scale mail.
   918 | D:1      | 918 ||| READING 4 scrolls labelled QONATTIAGAPT.
   919 | D:1      | 919 ||| READING scroll labelled GEP JUVAIZ.
   920 | D:1      | 920 ||| READING scroll labelled DEFOHUGOCKA.
   973 | D:2      | 973 ||| Stepping ~*~*~tactically~*~*~ (hiding).
   974 | D:2      | 974 ||| Stepping ~*~*~tactically~*~*~ (hiding).
  1137 | D:2      | 1137 ||| Stepping ~*~*~tactically~*~*~ (hiding).
  1252 | D:2      | Found Kuusk's Book Shoppe.
  1280 | D:2      | 1280 ||| Stepping ~*~*~tactically~*~*~ (hiding).
  1281 | D:2      | 1281 ||| Stepping ~*~*~tactically~*~*~ (hiding).
  1282 | D:2      | 1282 ||| Stepping ~*~*~tactically~*~*~ (hiding).
  1283 | D:2      | 1283 ||| Stepping ~*~*~tactically~*~*~ (hiding).
  1515 | D:2      | Reached XP level 4. HP: 28/28 MP: 4/4
  1613 | D:2      | Noticed Sigmund
  1621 | D:2      | Reached skill level 4 in Axes
  1636 | D:2      | HP: 4/28 [something (5)]
  1639 | D:2      | Slain by Sigmund

Levels and vault maps discovered:
D:1:      erik_arrival_cave_to_civilisation [erik_arrival_cave_to_temple],
          layout_basic
D:2:      layout_loops_ring, serial_shops, nicolae_shop_tiny_statue_garden,
          kennysheep_minor_cross, uniq_sigmund

Skill      XL: |  1  2  3  4 |
---------------+-------------+-----
Axes           | 2 3 4 |  4.0
Fighting       | |  3.2
Armour         | |  3.2
Shields        | |  3.2

Action                     |  1- 3 |  4- 6 || total
---------------------------+-------+-------++-------
  Melee: War axe           |    87 |    13 ||   100
    Use: Scroll            |     3 |       ||     3
 Armour: Scale mail        |    32 |       ||    32
         Chain mail        |     7 |    14 ||    21
  Dodge: Dodged            |    42 |    10 ||    52
  Block: Buckler           |     6 |     3 ||     9

Table legend:
 A = Non-vault XP
 B = Vault XP
 C = Vault XP percentage of total XP
 D = Non-vault monster count
 E = Vault monster count
 F = Vault count percentage of total count
                 A         B        C        D         E       F
            +---------+---------+-------+---------+---------+-------
      Total |     105 |       2 |   1.9 |      34 |       2 |   5.6
            +---------+---------+-------+---------+---------+-------
        D:1 |      34 |       2 |   5.6 |      20 |       2 |   9.1
        D:2 |      71 |       0 |   0.0 |      14 |       0 |   0.0
            +---------+---------+-------+---------+---------+-------
